 Dungeon Crawl Stone Soup version 0.28.0 (webtiles) character file.

Game seed: 16678215573212252620

522 fragbeetle the Magician (level 7, -1/49 HPs)
             Began as a Djinni Fire Elementalist on Feb 7, 2022.
             Slain by a black bear (3 damage)
             ... on level 3 of the Dungeon.
             The game lasted 00:12:09 (6772 turns).

fragbeetle the Magician (Djinni Fire Elementalist)  Turns: 6772, Time: 00:12:11

Health: -1/49      AC:  3    Str:  7    XL:     7   Next: 46%
Gold:   119        EV: 11    Int: 19    God:
                   SH:  0    Dex: 13

rFire   + + .      SeeInvis .   q - +0 falchion
rCold   x . .      Faith    .   (no shield)
rNeg    . . .      Spirit   .   k - +0 leather armour
rPois   ∞          Reflect  .   (no helmet)
rElec   .          Harm     .   (no cloak)
rCorr   .          Rampage  .   (no gloves)
Will    .....                   (boots unavailable)
Stlth   ++........              (no amulet)
HPRegen 0.16/turn               (no ring)
MPRegen 0.00/turn               (no ring)

@: flying
A: sickness immunity, fire resistance 2, cold vulnerability 1, float, innate
caster, HP casting, extra vitality 1
a: no special abilities


You were on level 3 of the Dungeon.
You visited 1 branch of the dungeon, and saw 5 of its levels.

You collected 119 gold pieces.

Inventory:

Hand Weapons
 c - a +0 dagger of holy wrath
 j - a +0 dagger of venom
 q - a +0 falchion (weapon)
 t - a +0 rapier of venom
 v - a +4 dagger
Armour
 a - a +0 robe
 k - a +0 leather armour (worn)
Wands
 r - a wand of flame (15)
 s - a wand of polymorph (4)
Scrolls
 e - 3 scrolls of identify {unknown}
 g - a scroll of magic mapping {unknown}
 l - a scroll of vulnerability {unknown}
 n - a scroll of teleportation {unknown}
 o - a scroll of fog {unknown}
 u - a scroll of enchant armour {unknown}
Potions
 b - a potion of attraction {unknown}
 d - a potion of haste
 f - a potion of heal wounds {unknown}
 h - a potion of resistance {unknown}
 i - 3 potions of lignification {unknown}
 m - 2 potions of magic {unknown}
 p - a potion of flight {unknown}


   Skills:
 * Level 2.3 Fighting
 * Level 2.6 Long Blades
 - Level 2.1 Dodging
 - Level 1.5 Stealth
 - Level 5.2 Spellcasting


You couldn't memorise any spells.
You knew the following spells:

 Your Spells              Type           Power      Damage    Failure   Level
a - Foxfire               Conj/Fire      96%        2x1d8     2%          1
b - Summon Small Mammal   Summ           96%        N/A       2%          1
c - Conjure Flame         Conj/Fire      24%        6-21      6%          3
d - Inner Flame           Hex/Fire       24%        N/A       6%          3
e - Flame Wave            Conj/Fire      24%        2d7       22%         4
f - Ensorcelled Hibernat  Hex/Ice        48%        N/A       3%          2
g - Poisonous Vapours     Pois/Air       48%        N/A       3%          2
s - Scorch                Fire           48%        2d7       3%          2
Your spell library was empty.

Dungeon Overview and Level Annotations

Branches:
Dungeon (5/15)
 Temple: D:4-7

Altars:

Annotations:
D:3 1 runed translucent door, Crazy Yiuf


Innate Abilities, Weirdness & Mutations

You are immune to sickness and miasma.
You are immune to poison.
Your flesh is very heat resistant. (rF++)
You are vulnerable to cold. (rC-)
You float through the air rather than walking.
You learn spells naturally, not from books.
Your magical power is your life essence.
You have superior vitality. (+4 MHP)


Message History

Flames lash the phantom.
The phantom is burned terribly!
You destroy the phantom!
* * * LOW HITPOINT WARNING * * *
Your Fighting skill increases to level 2!
An orc warrior comes into view.
It is wielding a +2 battleaxe of electrocution.
Something unseen opens the door.
Something unseen opens the door.
An orc comes into view. It is wielding a +0 flail.
An orc priest comes into view. It is wielding a +0 whip.
An orc comes into view. It is wielding a +0 hand axe.
The black bear is no longer more vulnerable to fire.
There is a stone staircase leading up here.
The black bear bites you!
* * * LOW HITPOINT WARNING * * *
The black bear misses you. The black bear completely misses you.
You fly upwards.
There is a stone staircase leading down here.
You see here a hobgoblin skeleton.
The black bear bites you.
* * * LOW HITPOINT WARNING * * *
The black bear claws you.
* * * LOW HITPOINT WARNING * * *
The black bear closely misses you.
There is an escape hatch in the ceiling here.
The black bear bites you.
* * * LOW HITPOINT WARNING * * *
The black bear closely misses you. The black bear claws you.
* * * LOW HITPOINT WARNING * * *
A mysterious force pulls you upwards. The hatch slams shut behind you.
Level annotation: 1 runed translucent door, Crazy Yiuf
Casting: Scorch (safe; 3% risk of failure)
Confirm with . or Enter, or press ? or * to list all spells.
Aiming: Poisonous Vapours (safe; 3% risk of failure)
Press: ? - help, Dir - move target, f - black bear
Aim: a black bear (moderately wounded) Poisonous vapours surround the black bear!
The black bear is poisoned.
* * * LOW HITPOINT WARNING * * *
The black bear bites you.
You die...

##.## #.# #...........
#.# #.# #.###..####. #.#
#.## #.# ##)# #. #.###
#..# #.####.# #. #...#
##.# #....#.# #. ###.#
#.# #.##.#.####. #.# #.#
#.##.#..<..[ #.# #h#
#.##.#..#### #.# #@#
#.##.#..# # #.# #.#
#.##.#..# # #.#
#.#####.##.#..# #
#.######.#........#..####
#..........###...........
##########.# ######<.####
#.# #....# #.# #.#.## #.#
#...#


You could see a black bear (poisoned).

Vanquished Creatures
  A phantom (D:5)
  A howler monkey (D:4)
  2 orc priests
  Jessica (D:3)
  Natasha (thrice) (D:3)
  7 gnolls
  8 adders
  An ufetubus (D:3)
  2 dart slugs
  10 orcs
  4 bats
  7 endoplasms
  4 giant cockroaches
  14 goblins
  11 hobgoblins
  6 kobolds
  3 quokkas
  8 ball pythons
  3 frilled lizards
  6 rats
102 creatures vanquished.

Vanquished Creatures (others)
  A bush (D:4)
  13 foxfires
  A fungus (D:3)
15 creatures vanquished.

Grand Total: 117 creatures vanquished

Notes
Turn   | Place    | Note
-------+----------+-------------------------------------------
     0 | D:1      | fragbeetle the Djinni Fire Elementalist began the quest for
                  | the Orb.
     0 | D:1      | Reached XP level 1. HP: 15/15 MP: 0/0
   248 | D:1      | Reached XP level 2. HP: 4/21 MP: 0/0
   717 | D:1      | Reached skill level 3 in Spellcasting
  1285 | D:1      | Reached XP level 3. HP: 20/25 MP: 0/0
  1285 | D:1      | Learned a level 1 spell: Summon Small Mammal
  1942 | D:2      | Found a faded altar of an unknown god.
  2003 | D:2      | Reached XP level 4. HP: 20/31 MP: 0/0
  2675 | D:2      | Reached skill level 4 in Spellcasting
  2884 | D:3      | Reached XP level 5. HP: 29/35 MP: 0/0
  2884 | D:3      | Learned a level 2 spell: Ensorcelled Hibernation
  2916 | D:3      | Found a runed translucent door.
  2917 | D:3      | Noticed Crazy Yiuf
  3509 | D:3      | Noticed Jessica
  3512 | D:3      | Killed Jessica
  3587 | D:3      | Noticed Natasha
  3592 | D:3      | Killed Natasha
  3593 | D:3      | Reached XP level 6. HP: 13/40 MP: 0/0
  4130 | D:3      | Reached skill level 5 in Spellcasting
  4266 | D:3      | Noticed Natasha
  4270 | D:3      | Killed Natasha
  4622 | D:3      | Noticed Natasha
  4624 | D:3      | Killed Natasha
  4625 | D:3      | Reached skill level 1 in Long Blades
  5972 | D:4      | Reached skill level 1 in Fighting
  5972 | D:4      | Reached XP level 7. HP: 10/47 MP: 0/0
  5972 | D:4      | Learned a level 2 spell: Poisonous Vapours
  6707 | D:5      | Entered Level 5 of the Dungeon
  6772 | D:3      | Slain by a black bear

Illustrated notes

Levels and vault maps discovered:
D:1:      lemuel_arrival_river_ford, layout_basic
D:2:      layout_basic, hellmonk_ecumenical_altar_slurped_away,
          minmay_pentomino_s4
D:3:      layout_loops_ring, portal_sewer_entry_e, uniq_natasha, uniq_jessica,
          uniq_crazy_yiuf_cottage
D:4:      layout_cave_pools, serial_park, serial_park_square1
          [serial_park_minivault_5x5_2], serial_park_avenue1, serial_park_paths
          [serial_park_minivault_5x5_2]
D:5:      layout_basic, minmay_temple_entry_junction, kennysheep_generic_room_15

Skill      XL: |  1  2  3  4  5  6  7 |
---------------+----------------------+-----
Spellcasting   | 3 4 5 |  5.2
Long Blades    | 1 2 |  2.6
Fighting       | 1 2 |  2.3
Dodging        | |  2.1
Stealth        | |  1.5

Action                   |  1- 3 |  4- 6 |  7- 9 || total
-------------------------+-------+-------+-------++-------
Melee: Dagger            |     2 |    14 |       ||    16
 Cast: Foxfire           |    11 |       |     2 ||    13
       Scorch            |    34 |    81 |    27 ||   142
       Summon Small Mamm |     1 |     2 |       ||     3
       Conjure Flame     |       |     4 |       ||     4
       Poisonous Vapours |       |       |     4 ||     4
Armor: Robe              |     1 |       |       ||     1
       Leather armour    |       |     4 |     5 ||     9
Dodge: Dodged            |    11 |    22 |    14 ||    47
